cohdb
Replays
Latest Replays
All Replays
Popular Replays
Top Player Replays
Match Explorer
How It Works
Community
CoH3 Stats
Reddit
Sign in to upload your games and track your stats! →
Sign in with Steam
Match 45798582
Unlisted
Match 45798582
Overview
Messages
Build Orders
End
Selects Italian Combined Arms Battlegroup
Selects Bersaglieri Squad
Bersaglieri Squad
Panzerpioneer Squad
Bersaglieri Squad
Construct Light Support Kompanie
2.5-tonne Medical Truck
Selects Bersaglieri Bolster
Fire Support Elements
Flakvierling Half-track
Panzerjäger Mechanized Group
Vehicle Survival Package
Construct Mechanized Kompanie
254 Reconnaissance Tractor
254 Reconnaissance Tractor
Selects Semovente da 75/18 Assault Gun
Selects Strafing Run
Emergency Repair Kits
Rapid Advance
Advanced Optics
Selects Pact of Steel
254 Reconnaissance Tractor
254 Reconnaissance Tractor
JEFG
Seocheon
Today_Type-G
4-in-1 Petrol lawnmower
0
0
Comments
sign in to comment!
No comments posted yet!